cohdb
Replays
Latest Replays
All Replays
Popular Replays
Top Player Replays
Match Explorer
How It Works
Community
CoH3 Stats
Reddit
Sign in to upload your games and track your stats! →
Sign in with Steam
Match 43862773
Unlisted
Match 43862773
Overview
Messages
Build Orders
End
Kradschützen Motorcycle Team
Selects Italian Infantry
Panzerpioneer Squad
250 Light Carrier
Construct Light Support Kompanie
Selects Defensive Operations
Fire Support Elements
le.IG 18 Mechanized Group
Flakvierling Half-track
Construct Panzerarmee Kommand
Selects Guastatori Squad
Selects L6/40 Light Tank Combat Group
Flak 36 Anti-tank Gun Team
le.IG 18 Mechanized Group
Guastatori Squad
Selects Towed Cannone da 105/28 Field Howitzer
Towed Cannone da 105/28 Field Howitzer
Hornet_Nevenkebla
TinkyLockhart
BLACK_CARDINAL
☠_ScaraB_☠
DarkLord
juve1975
DJ-urosz
Mekori
0
0
Comments
sign in to comment!
No comments posted yet!